 Dungeon Crawl Stone Soup version 0.28.0-43-g3370ac3207 (webtiles) character file.

Game seed: 5375376101156200511

172 terff the Skirmisher (level 5, -4/42 HPs)
             Began as a Human Fighter on Mar 30, 2022.
             Slain by a scorpion (7 damage)
             ... on level 5 of the Dungeon.
             The game lasted 00:05:18 (3692 turns).

terff the Skirmisher (Human Fighter)                Turns: 3692, Time: 00:05:19

Health: -4/42      AC: 19    Str: 16    XL:     5   Next: 83%
Magic:  5/5        EV:  9    Int:  9    God:
Gold:   93         SH:  5    Dex: 14    Spells: 4/4 levels left

rFire   . . .      SeeInvis .   n - +1 mace (protect)
rCold   . . .      Faith    .   c - +0 buckler
rNeg    . . .      Spirit   .   b - +0 scale mail
rPois   .          Reflect  .   o - +0 helmet
rElec   .          Harm     .   j - +2 cloak
rCorr   .          Rampage  .   p - +0 pair of gloves
Will    .....                   (no boots)
Stlth   ..........              (no amulet)
HPRegen 0.14/turn               (no ring)
MPRegen 0.09/turn               (no ring)

@: under a protective aura
A: no striking features
a: no special abilities


You were on level 5 of the Dungeon.
You visited 1 branch of the dungeon, and saw 5 of its levels.

You collected 93 gold pieces.

Inventory:

Hand Weapons
 a - a +0 flail
 i - the +7 hunting sling of Xibyq {venom, Int+2}
   (You found it on level 2 of the Dungeon)

   Any ammunition fired from it poisons the flesh of those it strikes.
   Int:       It affects your intelligence (+2).
 n - a +1 mace of protection (weapon)
Armour
 b - a +0 scale mail (worn)
 c - a +0 buckler (worn)
 j - a +2 cloak (worn)
 o - a +0 helmet (worn)
 p - a +0 pair of gloves (worn)
Scrolls
 d - 2 scrolls of fear {unknown}
 h - a scroll of summoning
 k - 2 scrolls of teleportation {unknown}
Potions
 e - a potion of haste
 f - a potion of brilliance
 g - a potion of curing {unknown}
 l - 2 potions of heal wounds


   Skills:
 * Level 4.0 Fighting
 + Level 3.4 Maces & Flails
 + Level 3.5 Armour
 + Level 1.3 Dodging
 + Level 0.9 Stealth
 + Level 3.4 Shields


You had 4 spell levels left.
You didn't know any spells.
Your spell library contained the following spells:

 Spells                   Type           Power      Damage    Failure   Level
 Stone Arrow              Conj/Erth      0%         3d7       99%         3
 Summon Guardian Golem    Hex/Summ       0%         N/A       99%         3
 Animate Armour           Summ/Erth      0%         N/A       100%        4
 Orb of Destruction       Conj           0%         9d5       100%        7
 Spellforged Servitor     Conj/Summ      0%         N/A       100%        7
 Lehudib's Crystal Spear  Conj/Erth      0%         10d2      100%        8


Dungeon Overview and Level Annotations

Branches:
Dungeon (5/15)
 Temple: D:4-7

Altars:
Sif Muna


Message History

The scorpion is lightly wounded.
The scorpion barely misses you.
You hit the scorpion but do no damage.
The scorpion is lightly wounded.
The scorpion stings you.
You are poisoned.
The scorpion poisons you! The scorpion closely misses you.
You barely miss the scorpion.
The scorpion is lightly wounded.
You feel sick. The scorpion barely misses you.
You hit the scorpion but do no damage.
The scorpion is lightly wounded.
You feel sick.
The scorpion stings you but does no damage. x2
You hit the scorpion.
The scorpion is lightly wounded.
You feel sick.
The scorpion stings you but does no damage.
You hit the scorpion but do no damage.
The scorpion is lightly wounded.
You feel sick. The scorpion stings you.
* * * LOW HITPOINT WARNING * * *
The scorpion barely misses you.
You sock the scorpion!
The scorpion is heavily wounded.
You feel sick.
You are no longer poisoned.
The scorpion stings you.
* * * LOW HITPOINT WARNING * * *
You hit the scorpion.
The scorpion is severely wounded.
The scorpion closely misses you.
The scorpion stings you but does no damage.
You barely miss the scorpion.
The scorpion is severely wounded.
The scorpion barely misses you.
You barely miss the scorpion.
The scorpion is severely wounded.
The scorpion stings you!
You die...

#### ##...#
##s###.##
#.@<....#
#.#####$...
#. # .. ##.
.. .. ..


You could see a scorpion.

Vanquished Creatures
  Jessica (D:3)
  Robin (D:2)
  5 adders
  A worm (D:3)
  5 dart slugs (D:1)
  An orc (D:3)
  4 ball pythons
  6 endoplasms
  2 giant cockroaches
  10 goblins
  7 hobgoblins
  10 jackals (D:1)
  A quokka (D:1)
  5 bats
  3 frilled lizards
  4 kobolds
  7 rats
73 creatures vanquished.

Notes
Turn   | Place    | Note
-------+----------+-------------------------------------------
     0 | D:1      | terff the Human Fighter began the quest for the Orb.
     0 | D:1      | Reached XP level 1. HP: 18/18 MP: 1/1
   129 | D:1      | Reached XP level 2. HP: 21/24 MP: 2/2
   448 | D:1      | Reached XP level 3. HP: 4/29 MP: 3/3
  1063 | D:1      | Reached skill level 1 in Dodging
  1139 | D:1      | Reached XP level 4. HP: 27/35 MP: 4/4
  1800 | D:2      | Identified the +7 hunting sling of Xibyq {venom, Int+2}
  2341 | D:2      | Noticed Robin
  2345 | D:2      | You fall into a shaft and drop 1 floor!
  2353 | D:3      | Reached XP level 5. HP: 42/42 MP: 5/5
  2782 | D:2      | Killed Robin
  3121 | D:3      | Reached skill level 4 in Fighting
  3373 | D:3      | Found a faded altar of an unknown god.
  3426 | D:3      | Noticed Jessica
  3439 | D:3      | Killed Jessica
  3440 | D:3      | Found a shimmering blue altar of Sif Muna.
  3671 | D:5      | Entered Level 5 of the Dungeon
  3692 | D:5      | Slain by a scorpion

Illustrated notes

Levels and vault maps discovered:
D:1:      dpeg_arrival_houses_and_road, layout_basic, minmay_statues_item,
          grunt_decor_arrowhead, minmay_tetromino_t4
D:2:      layout_basic, uniq_robin
D:3:      layout_basic, tgw_sif, dilly_ecumenical_altar_fadedgnrine,
          nicolae_concentric_dashed_squares_wild, chequers_jeans
D:4:      layout_basic, minmay_temple_entry_mini_moons, serial_bayou_pond_b,
          uniq_eustachio
D:5:      layout_loops_ring, chequers_serial_rivers_micro_d

Skill      XL: |  1  2  3  4  5 |
---------------+----------------+-----
Dodging        | 1 |  1.3
Maces & Flails | 3 |  3.4
Fighting       | 4 |  4.0
Armour         | |  3.5
Stealth        | |  0.9
Shields        | |  3.4

Action                   |  1- 3 |  4- 6 || total
-------------------------+-------+-------++-------
Melee: Flail             |    82 |   109 ||   191
       Mace              |       |    39 ||    39
  Use: Scroll            |     3 |     6 ||     9
       Potion            |     1 |       ||     1
Armor: Scale mail        |    91 |    85 ||   176
Dodge: Dodged            |    65 |    85 ||   150
Block: Buckler           |    38 |    40 ||    78
